AAA
RICHMOND RAMS @ FLUSHING CHIEFS
04/22/2060
 
TOP OF THE 1ST
Richmond Rams batting - Pitching for Flushing Chiefs : LHP Donovan Jansson
Pitching: LHP Donovan Jansson
Batting: LHB Dominick Hanneken 0-0: Called Strike
0-1: DOUBLE (Line Drive, 89D, EV 106.2 MPH)
Batting: RHB Ken Daly 0-0: Called Strike
0-1: Swinging Strike
0-2: Ball
1-2: Foul Ball, location: 2F
1-2: Ball
2-2: SINGLE (Groundball, 6MD, EV 94.4 MPH)
Dominick Hanneken to third
Batting: SHB Detwon Ayala 0-0: Called Strike
0-1: Ball
1-1: Swinging Strike
1-2: Foul Ball, location: 2F
1-2: Ball
2-2: Strikes out swinging
Batting: LHB Nate Rowell 0-0: Called Strike
0-1: Called Strike
0-2: Ball
Wild Pitch!
Dominick Hanneken scores
Ken Daly to second
1-2: Strikes out swinging
Batting: RHB Linton Makepeace 0-0: Ball
1-0: Ball
2-0: Called Strike
2-1: Swinging Strike
2-2: Strikes out swinging
Top of the 1st over - 1 run, 2 hits, 0 errors, 1 left on base; Richmond 1 - Flushing 0
BOTTOM OF THE 1ST
Flushing Chiefs batting - Pitching for Richmond Rams : RHP Johnny Lawson
Pitching: RHP Johnny Lawson
Batting: RHB Cody Turner 0-0: Called Strike
0-1: Ball
1-1: Ball
2-1: Foul Ball, location: 2F
2-2: Ground out 6-3 (Groundball, 6, EV 105.6 MPH)
Batting: RHB Dalton Kraut 0-0: Swinging Strike
0-1: Ball
1-1: Fly out, F9 (Flyball, 9LM, EV 86.2 MPH)
Batting: RHB Adrien Mondragon 0-0: Foul Ball, location: 2F
0-1: Ball
1-1: Ball
2-1: Ground out 5-3 (Groundball, 56S, EV 81.9 MPH)
Bottom of the 1st over - 0 runs, 0 hits, 0 errors, 0 left on base; Richmond 1 - Flushing 0
TOP OF THE 2ND
Richmond Rams batting - Pitching for Flushing Chiefs : LHP Donovan Jansson
Batting: RHB Joey Shelton 0-0: Ground out 3-1 (Groundball, 34, EV 81.2 MPH)
Batting: RHB Tommy Dupree 0-0: Ball
1-0: Foul Ball, location: 2F
1-1: Foul Ball, location: 2F
1-2: Ball
2-2: Ball
3-2: Strikes out looking
Batting: LHB Britt Moore 0-0: Called Strike
0-1: Foul Ball, location: 2F
0-2: Ball
1-2: Strikes out swinging
Top of the 2nd over - 0 runs, 0 hits, 0 errors, 0 left on base; Richmond 1 - Flushing 0
BOTTOM OF THE 2ND
Flushing Chiefs batting - Pitching for Richmond Rams : RHP Johnny Lawson
Batting: RHB J.R. Ketterman 0-0: Swinging Strike
0-1: Foul Ball, location: 2F
0-2: Strikes out swinging
Batting: RHB Shawn Clark 0-0: Ball
1-0: Foul Ball, location: 2F
1-1: Ball
2-1: Swinging Strike
2-2: Strikes out swinging
Batting: RHB Marshall Wright 0-0: Called Strike
0-1: Called Strike
0-2: Ground out U3 (Groundball, 34S, EV 76.9 MPH)
Bottom of the 2nd over - 0 runs, 0 hits, 0 errors, 0 left on base; Richmond 1 - Flushing 0
TOP OF THE 3RD
Richmond Rams batting - Pitching for Flushing Chiefs : LHP Donovan Jansson
Batting: LHB Kenny Hillestad 0-0: Called Strike
0-1: Ground out 6-3 (Groundball, 6M, EV 91.9 MPH)
Batting: LHB Dominick Hanneken 0-0: Called Strike
0-1: Foul Ball, location: 2F
0-2: Ball
1-2: Foul Ball, location: 2F
1-2: Ball
2-2: DOUBLE (Line Drive, 89D, EV 111.9 MPH)
Batting: RHB Ken Daly 0-0: Called Strike
0-1: Ball
1-1: Ground out 6-3 (Groundball, 6, EV 101.9 MPH)
Batting: SHB Detwon Ayala 0-0: Foul Ball, location: 2F
0-1: SINGLE (Groundball, 6MD, EV 103.1 MPH)
Dominick Hanneken to third
Runner from 3rd tries for Home, throw by CF and OUT! 8-2
Top of the 3rd over - 0 runs, 2 hits, 0 errors, 1 left on base; Richmond 1 - Flushing 0
BOTTOM OF THE 3RD
Flushing Chiefs batting - Pitching for Richmond Rams : RHP Johnny Lawson
Batting: LHB Gage Berube 0-0: Foul Ball, location: 2F
0-1: SINGLE (Line Drive, 34, EV 98.1 MPH)
Batting: SHB Bradley Cone 0-0: Grounds into double play, 4-6-3 (Groundball, 34, EV 79.4 MPH)
Batting: RHB Vance Thompson 0-0: Called Strike
0-1: Foul Ball, location: 2F
0-2: Ground out 5-3 (Groundball, 56, EV 106.2 MPH)
Bottom of the 3rd over - 0 runs, 1 hit, 0 errors, 0 left on base; Richmond 1 - Flushing 0
TOP OF THE 4TH
Richmond Rams batting - Pitching for Flushing Chiefs : LHP Donovan Jansson
Batting: LHB Nate Rowell 0-0: Called Strike
0-1: Ball
1-1: Swinging Strike
1-2: Ball
2-2: Strikes out swinging
Batting: RHB Linton Makepeace 0-0: Called Strike
0-1: Ball
1-1: Ball
2-1: Fly out, F4 (Line Drive, 4D, EV 68.1 MPH)
Batting: RHB Joey Shelton 0-0: Foul Ball, location: 2F
0-1: Ground out 6-3 (Groundball, 56, EV 99.4 MPH)
Top of the 4th over - 0 runs, 0 hits, 0 errors, 0 left on base; Richmond 1 - Flushing 0
BOTTOM OF THE 4TH
Flushing Chiefs batting - Pitching for Richmond Rams : RHP Johnny Lawson
Batting: RHB Cody Turner 0-0: Ball
1-0: Ground out 6-3 (Groundball, 6M, EV 88.8 MPH)
Batting: RHB Dalton Kraut 0-0: Ball
1-0: Foul Ball, location: 2F
1-1: Ball
2-1: Ground out 6-3 (Groundball, 6, EV 100.6 MPH)
Batting: RHB Adrien Mondragon 0-0: Foul Ball, location: 2F
0-1: Ball
1-1: Ground out 6-3 (Groundball, 6, EV 88.1 MPH)
Bottom of the 4th over - 0 runs, 0 hits, 0 errors, 0 left on base; Richmond 1 - Flushing 0
TOP OF THE 5TH
Richmond Rams batting - Pitching for Flushing Chiefs : LHP Donovan Jansson
Batting: RHB Tommy Dupree 0-0: Ball
1-0: Ball
2-0: Called Strike
2-1: Ball
3-1: Called Strike
3-2: Foul Ball, location: 2F
3-2: SINGLE (Line Drive, 34D, EV 96.2 MPH)
Batting: LHB Britt Moore 0-0: Called Strike
0-1: Ball
1-1: Sac Bunt to 23 - play at first, batter OUT! 3-4
Tommy Dupree to second
Batting: LHB Kenny Hillestad 0-0: Foul Ball, location: 2F
0-1: SINGLE (Line Drive, 34, EV 100.6 MPH)
Tommy Dupree to third
Batting: LHB Dominick Hanneken 0-0: Ball
1-0: Foul Ball, location: 2F
1-1: Fly out, F3 (Line Drive, 3L, EV 66.9 MPH)
Lined into DP, U3 (Line Drive, 3L, EV 71.9 MPH)
Top of the 5th over - 0 runs, 2 hits, 0 errors, 1 left on base; Richmond 1 - Flushing 0
BOTTOM OF THE 5TH
Flushing Chiefs batting - Pitching for Richmond Rams : RHP Johnny Lawson
Batting: RHB J.R. Ketterman 0-0: Called Strike
0-1: Ball
1-1: Foul Ball, location: 2F
1-2: Ball
2-2: Foul Ball, location: 2F
2-2: Foul Ball, location: 2F
2-2: Foul Ball, location: 2F
2-2: Ground out 4-3 (Groundball, 34, EV 81.9 MPH)
Batting: RHB Shawn Clark 0-0: Ball
1-0: SINGLE (Groundball, 25, EV 61.9 MPH) (infield hit)
Batting: RHB Marshall Wright 0-0: Foul Ball, location: 2F
0-1: Called Strike
0-2: Strikes out swinging
Batting: LHB Gage Berube 0-0: Ball
1-0: SINGLE (Groundball, 34S, EV 74.4 MPH) (infield hit)
Shawn Clark to second
Batting: SHB Bradley Cone 0-0: Called Strike
0-1: Ball
1-1: Ball
2-1: Ball
3-1: Foul Ball, location: 2F
3-2: Base on Balls
Shawn Clark to third
Gage Berube to second
Batting: RHB Vance Thompson 0-0: Ground out 5-3 (Groundball, 56S, EV 88.1 MPH)
Bottom of the 5th over - 0 runs, 2 hits, 0 errors, 3 left on base; Richmond 1 - Flushing 0
TOP OF THE 6TH
Richmond Rams batting - Pitching for Flushing Chiefs : LHP Donovan Jansson
Batting: RHB Ken Daly 0-0: SINGLE (Line Drive, 7S, EV 103.1 MPH)
Batting: SHB Detwon Ayala 0-0: Ball
1-0: Ball
2-0: Called Strike
2-1: Ball
3-1: Foul Ball, location: 2F
3-2: Foul Ball, location: 2F
3-2: Base on Balls
Ken Daly to second
Batting: LHB Nate Rowell 0-0: Ball
1-0: Fly out, F7 (Flyball, 78S, EV 88.1 MPH)
Batting: RHB Linton Makepeace 0-0: Ball
1-0: Foul Ball, location: 2F
1-1: Swinging Strike
1-2: Strikes out swinging
Batting: RHB Joey Shelton 0-0: Foul Ball, location: 2F
0-1: Foul Ball, location: 2F
0-2: Ball
1-2: Strikes out looking
Top of the 6th over - 0 runs, 1 hit, 0 errors, 2 left on base; Richmond 1 - Flushing 0
BOTTOM OF THE 6TH
Flushing Chiefs batting - Pitching for Richmond Rams : RHP Johnny Lawson
Batting: RHB Cody Turner 0-0: SINGLE (Line Drive, 34D, EV 106.2 MPH)
Batting: RHB Dalton Kraut 0-0: Bunt missed!
0-1: Bunt missed!
0-2: Fly out, F9 (Flyball, 9S, EV 78.1 MPH)
Batting: RHB Adrien Mondragon 0-0: Fly out, F8 (Flyball, 8RM, EV 75.6 MPH)
Batting: RHB J.R. Ketterman 0-0: Called Strike
0-1: Called Strike
0-2: Foul Ball, location: 2F
0-2: Foul Ball, location: 2F
0-2: Ball
1-2: Strikes out swinging
Bottom of the 6th over - 0 runs, 1 hit, 0 errors, 1 left on base; Richmond 1 - Flushing 0
TOP OF THE 7TH
Richmond Rams batting - Pitching for Flushing Chiefs : LHP Donovan Jansson
Batting: RHB Tommy Dupree 0-0: Called Strike
0-1: Swinging Strike
0-2: Ball
1-2: Ground out 6-3 (Groundball, 6, EV 107.5 MPH)
Batting: LHB Britt Moore 0-0: DOUBLE (Line Drive, 9LS, EV 113.8 MPH) - OUT at third base trying to stretch hit.
Batting: LHB Kenny Hillestad 0-0: Ball
1-0: SOLO HOME RUN (Flyball, 9D, EV 93.1 MPH), Distance : 360 ft
Pitching: RHP Dane Wines
Batting: LHB Dominick Hanneken 0-0: Ball
1-0: Swinging Strike
1-1: Swinging Strike
1-2: Strikes out swinging
Top of the 7th over - 1 run, 2 hits, 0 errors, 0 left on base; Richmond 2 - Flushing 0
BOTTOM OF THE 7TH
Flushing Chiefs batting - Pitching for Richmond Rams : RHP Johnny Lawson
Now at 1B: Jess Hajiev
Now at 3B: Tommy Dupree
Batting: RHB Shawn Clark 0-0: Foul Ball, location: 2F
0-1: Ball
1-1: Foul Ball, location: 2F
1-2: Fly out, F7 (Flyball, 78S, EV 93.8 MPH)
Batting: RHB Marshall Wright 0-0: Called Strike
0-1: Ball
1-1: Swinging Strike
1-2: Ball
2-2: Ball
3-2: Fly out, F9 (Line Drive, 89M, EV 90.6 MPH)
Batting: LHB Gage Berube 0-0: Ball
1-0: SINGLE (Groundball, 34S, EV 69.4 MPH) (infield hit)
Batting: SHB Bradley Cone 0-0: Ball
1-0: Called Strike
1-1: Called Strike
1-2: Ball
2-2: Foul Ball, location: 2F
2-2: Ball
3-2: Fly out, F9 (Flyball, 9D, EV 83.8 MPH)
Bottom of the 7th over - 0 runs, 1 hit, 0 errors, 1 left on base; Richmond 2 - Flushing 0
TOP OF THE 8TH
Richmond Rams batting - Pitching for Flushing Chiefs : RHP Dane Wines
Batting: RHB Ken Daly 0-0: Called Strike
0-1: Foul Ball, location: 2F
0-2: Ball
1-2: Ball
2-2: Strikes out swinging
Batting: SHB Detwon Ayala 0-0: Ball
1-0: Called Strike
1-1: Called Strike
1-2: Ball
2-2: Foul Ball, location: 2F
2-2: Foul Ball, location: 2F
2-2: Ball
3-2: Base on Balls
Batting: LHB Jess Hajiev 0-0: Swinging Strike
0-1: Foul Ball, location: 2F
0-2: Ball
1-2: Ball
2-2: Strikes out looking
Batting: RHB Linton Makepeace 0-0: Called Strike
0-1: Swinging Strike
0-2: Strikes out swinging
Top of the 8th over - 0 runs, 0 hits, 0 errors, 1 left on base; Richmond 2 - Flushing 0
BOTTOM OF THE 8TH
Flushing Chiefs batting - Pitching for Richmond Rams : RHP Johnny Lawson
Pitching: RHP Malcolm Schuette
Batting: RHB Vance Thompson 0-0: Fly out, F8 (Flyball, 8LD, EV 90.6 MPH)
Batting: RHB Cody Turner 0-0: Ball
1-0: Ground out 5-3 (Groundball, 56, EV 86.9 MPH)
Batting: RHB Dalton Kraut 0-0: Foul Ball, location: 2F
0-1: SINGLE (Groundball, 6D, EV 96.9 MPH)
Batting: RHB Adrien Mondragon 0-0: Ball
1-0: Fly out, F9 (Flyball, 89M, EV 81.9 MPH)
Bottom of the 8th over - 0 runs, 1 hit, 0 errors, 1 left on base; Richmond 2 - Flushing 0
TOP OF THE 9TH
Richmond Rams batting - Pitching for Flushing Chiefs : RHP Dane Wines
Batting: RHB Joey Shelton 0-0: Ground out 4-3 (Groundball, 4, EV 79.4 MPH)
Batting: RHB Tommy Dupree 0-0: Foul Ball, location: 2F
0-1: Ball
1-1: DOUBLE (Line Drive, 7LS, EV 96.2 MPH)
Batting: LHB Britt Moore 0-0: Ball
1-0: Foul Ball, location: 2F
1-1: Ball
2-1: Foul Ball, location: 2F
2-2: Foul Ball, location: 2F
2-2: Ball
3-2: Foul Ball, location: 2F
3-2: Strikes out swinging
Pitching: RHP Kyle Eckrote
Batting: LHB Kenny Hillestad 0-0: Ball
1-0: Fly out, F8 (Flyball, 8LS, EV 94.4 MPH)
Top of the 9th over - 0 runs, 1 hit, 0 errors, 1 left on base; Richmond 2 - Flushing 0
BOTTOM OF THE 9TH
Flushing Chiefs batting - Pitching for Richmond Rams : RHP Malcolm Schuette
Pitching: LHP Carson Engel
Batting: RHB J.R. Ketterman 0-0: Ball
1-0: Fly out, F7 (Flyball, 7D, EV 106.2 MPH)
Batting: RHB Shawn Clark 0-0: Swinging Strike
0-1: Ball
1-1: Fly out, F6 (Line Drive, 6, EV 66.9 MPH)
Batting: RHB Marshall Wright 0-0: Ball
1-0: Foul Ball, location: 2F
1-1: Called Strike
1-2: Foul Ball, location: 2F
1-2: Ball
2-2: Strikes out swinging
Bottom of the 9th over - 0 runs, 0 hits, 0 errors, 0 left on base; Richmond 2 - Flushing 0
Monday, April 29th , 2024 - OOTP Baseball 23.10 Build 110